Map: [ESL] Inside and Out

Players

NightMare

  • Race: Protoss Protoss
  • Spawn Location: 7:00

Bunny - Winner!

  • Race: Terran Terran
  • Spawn Location: 1:00

Event: DreamHack SC2 Masters 2022 Atlanta (Offline)

VOD

Have the link to the VOD?

Description

Time

  • Played on: Nov. 19, 2022, 4:03 p.m.
  • Length: 9:19

All games in this series

Show
View Real Time Build Order
Export as new Build Order

NightMare Protoss 

Build Orders: 1 Gate Expand, Blink Stalkers 

Get SALT Encoding   

  12  0:00  Probe  
  13  0:12  Probe  
  14  0:17  Pylon  
  14  0:24  Probe (Chrono Boost)  
  15  0:35  Gateway  
  15  0:36  Probe (Chrono Boost)  
  16  0:44  Probe (Chrono Boost)  
  16  0:46  Assimilator  
  17  0:50  Probe  
  18  1:03  Probe  
  19  1:15  Probe  
  20  1:22  Cybernetics Core  
  20  1:23  Zealot  
  22  1:38  Nexus  
  22  1:46  Pylon  
  22  1:49  Probe  
  23  2:00  Warp Gate  
  23  2:02  Adept (Chrono Boost)  
  23  2:04  Probe  
  23  2:05  Assimilator  
  26  2:16  Probe  
  27  2:25  Stalker  
  27  2:28  Probe  
  30  2:41  Twilight Council, Probe (Chrono Boost)  
  31  2:50  Probe (Chrono Boost)  
  31  2:58  Probe (Chrono Boost)  
  31  3:00  Probe (Chrono Boost)  
  31  3:05  Probe x2 (Chrono Boost)  
  33  3:10  Robotics Facility  
  34  3:16  Probe, Gateway  
  34  3:17  Probe  
  34  3:18  Blink (Chrono Boost)  
  34  3:19  Gateway  
  36  3:32  Gateway  
  36  3:33  Probe  
  37  3:34  Probe  
  37  3:40  Pylon  
  38  3:46  Probe x2  
  39  3:53  Stalker  
  39  3:55  Pylon  
  41  3:59  Warp Prism (Chrono Boost)  
  43  4:05  Probe x2  
  45  4:11  Stalker  
  47  4:18  Stalker  
  47  4:20  Stalker  
  51  4:24  Probe x2  
  51  4:28  Observer  
  54  4:38  Stalker x2  
  55  4:46  Probe x2  
  55  4:49  Stalker  
  59  4:58  Probe x2  
  61  5:10  Pylon  
  61  5:13  Assimilator  
  61  5:15  Probe, Assimilator  
  61  5:20  Observer  
  62  5:23  Nexus  
  62  5:25  Robotics Bay  
  62  5:30  Observer  
  62  5:32  Probe x2  
  64  5:44  Probe x2  
  64  5:46  Charge, Pylon  
  64  5:49  Immortal (Chrono Boost)  
  66  5:56  Gateway, Pylon  
  69  5:58  Gateway  
  69  6:01  Probe  
  69  6:04  Probe  
  71  6:10  Zealot  
  71  6:11  Zealot x2  
  77  6:17  Colossus (Chrono Boost)  
  77  6:20  Zealot  
  85  6:26  Extended Thermal Lance (Chrono Boost)  
  85  6:35  Probe x2  
  85  6:36  Probe  
  85  6:37  Shield Battery  
  88  6:42  Zealot x2, Sentry  
  88  6:44  Zealot  
  96  6:53  Pylon  
  96  6:54  Pylon  
  96  6:55  Colossus (Chrono Boost)  
  100  7:12  Probe x3  
  100  7:14  Pylon  
  103  7:20  Zealot x4, Sentry  
  103  7:21  Sentry  
  115  7:26  Probe x2  
  115  7:28  Probe  
  115  7:29  Pylon  
  110  7:33  Pylon  
  114  7:48  Zealot x3  
  114  7:49  Zealot x2  
  122  7:51  Zealot  
  122  7:57  Pylon  
  104  8:13  Zealot  
  104  8:14  Zealot x3  
  54  8:34  Stalker x4  
  54  8:38  Pylon  
Show
View Real Time Build Order
Export as new Build Order

Bunny Terran - Winner!

Build Orders: Reaper Expand 

Get SALT Encoding   

  12  0:00  SCV  
  13  0:12  SCV  
  14  0:17  Supply Depot  
  14  0:24  SCV  
  15  0:38  SCV  
  15  0:39  Barracks  
  15  0:42  Refinery  
  16  0:50  SCV  
  17  1:02  SCV  
  18  1:15  SCV  
  19  1:26  Reaper  
  19  1:27  Orbital Command  
  20  1:41  Command Center  
  20  1:46  Supply Depot  
  20  1:52  SCV  
  21  1:58  Marine  
  22  2:04  SCV  
  22  2:06  Factory  
  23  2:14  Bunker  
  23  2:16  SCV  
  23  2:19  Barracks Reactor  
  24  2:24  Refinery  
  24  2:28  SCV  
  25  2:40  SCV  
  28  2:51  Hellion  
  28  2:52  SCV  
  28  2:54  Orbital Command  
  28  2:55  Marine, Starport  
  28  2:58  Marine  
  31  3:04  SCV  
  32  3:14  Widow Mine  
  32  3:15  Marine x2  
  32  3:16  SCV  
  37  3:20  SCV  
  37  3:24  Supply Depot  
  38  3:29  SCV  
  38  3:32  Medivac  
  38  3:33  SCV  
  42  3:34  Marine x2  
  42  3:37  Widow Mine  
  46  3:46  SCV x2  
  48  3:50  Barracks  
  48  3:52  Marine x2  
  48  3:55  Supply Depot  
  50  3:58  SCV x2  
  50  3:59  Factory Tech Lab  
  50  4:00  Refinery  
  50  4:02  Starport Tech Lab  
  52  4:08  Engineering Bay  
  52  4:10  SCV  
  52  4:15  SCV  
  54  4:20  Siege Tank  
  54  4:22  SCV, Marine x2  
  60  4:29  SCV  
  60  4:30  Barracks  
  61  4:34  SCV  
  62  4:41  Raven  
  62  4:42  Marine  
  62  4:43  Marine  
  62  4:50  Bunker  
  62  4:52  Bunker  
  62  4:54  Barracks Tech Lab  
  62  4:57  Supply Depot  
  62  5:02  Marine x2  
  62  5:03  Engineering Bay  
  62  5:11  Terran Infantry Weapons Level 1  
  62  5:12  SCV  
  62  5:14  Stimpack  
  62  5:18  SCV, Siege Tank, Marine  
  62  5:20  Marine x2  
  68  5:33  SCV x2, Starport Reactor  
  66  5:38  Marine  
  66  5:39  Marine x3  
  66  5:42  Combat Shield  
  68  5:45  SCV  
  68  5:46  SCV  
  68  5:49  Supply Depot  
  70  5:52  Refinery  
  70  6:01  Marine  
  70  6:02  Supply Depot  
  70  6:04  Factory Reactor  
  70  6:07  Supply Depot  
  70  6:09  Terran Infantry Armor Level 1  
  70  6:11  SCV x2, Marauder x2, Marine  
  77  6:15  Barracks  
  77  6:16  Barracks  
  77  6:17  Supply Depot, Refinery  
  77  6:19  Marine  
  77  6:23  Medivac  
  77  6:24  SCV x2  
  82  6:27  Medivac  
  82  6:28  Marine  
  81  6:35  Missile Turret  
  81  6:36  Marauder x2  
  81  6:38  Marine  
  86  6:42  Widow Mine  
  86  6:45  Widow Mine  
  86  6:46  Marine  
  91  6:52  Supply Depot  
  91  6:53  SCV  
  91  6:54  SCV, Concussive Shells  
  93  6:57  Medivac  
  95  7:05  Marauder x2  
  95  7:06  Marine x2  
  95  7:08  Missile Turret  
  101  7:10  Supply Depot, Medivac  
  102  7:18  Widow Mine  
  102  7:19  Widow Mine  
  102  7:22  Marauder  
  106  7:25  Barracks Reactor  
  106  7:28  Supply Depot  
  106  7:29  Supply Depot, Marine x2  
  108  7:33  Marauder  
  108  7:36  Marauder  
  112  7:43  Marine  
  113  7:46  Marine  
  113  7:47  Marine  
  115  7:54  Marine  
  115  7:57  Medivac x2  
  120  8:00  Marine  
  120  8:01  Marine  
  100  8:25  Marauder x2  
  91  8:32  Medivac x2, Marine x2  
  85  8:36  Marine  
Tags
 
Add a new tag
Caveats
  • Supply blocks, unpowered buildings, or Contaminate may cause inaccurate times.
  • Supply counts are checked every 10 seconds.